← All builds
Suicide front / Armada / Factory first / OBSERVED BUILD

Standard suicide front

Armada Suicide front build order · Supreme Isthmus

The role's baseline: Bot Lab at 0:21 then straight into reclaim-fed T1 bot production to contest the middle and hold until T2 arrives, with an Advanced Metal Extractor around 9:45.

#rush · 2007 distinct matches · 229 players · 72% of Armada Suicide front games · team won 59% of 2381 · Recently observed

HOW TO PLAY IT

Key timing: Bot Lab by 0:20

  1. Open with mex and lab-first to get Bot Lab up by 0:20.
  2. Expand mex and wind while lab pumps units toward middle.
  3. Push Sentry and early Rocketeer, Centurion to contest middle.
  4. Get T2 constructor out once Pond's boost lets you spare metal.
  5. Upgrade mex to Advanced Metal Extractor as you transition off T1 spam.

Phase by phase

TYPICAL OF ITS 2007 GAMES
  1. 1
  2. 2
  3. 3
PLAY THE OPENING

Follow the example game's first 6:00 step by step: what to build now, what comes next, and where it goes. At 1× it keeps pace with your own game.

  1. 1

    Bot Lab first

    Order
    1. Bot LabBot Lab done ~0:21, middle half 0:20–0:33

    Some games also: mex (44%)

  2. 2

    Bot Lab to 5:00

    Economy
    • Metal Extractor5Mex
    • Wind Turbine4Wind
    Builders
    • Construction Bot3 Con bot
    • Lazarus2 Lazarus
    Army
    • Sentry4 Sentry
    • Rocketeer16 Rocketeer
    • Tick2 Tick
    • Centurion1 Centurion
    Other
    • Radar Tower1 Radar Tower

    Some games also: pawn (38%) · con turret (34%)

    By 5:00 in all: 5 mex · 4 wind

    The example game in this phase · 43 steps
    1. PawnPawn
    2. Mex
    3. Wind
    4. Construction BotCon bot
    5. Mex
    6. Wind
    7. SentrySentry
    8. LazarusLazarus
    9. CenturionCenturion
    10. Mex
    11. SentrySentry
    12. CenturionCenturion
    13. Construction BotCon bot
    14. SentrySentry
    15. Mex
    16. Construction BotCon bot
    17. SentrySentry
    18. Mex
    19. Dragon's TeethDragon's Teeth
    20. LazarusLazarus
    21. Dragon's TeethDragon's Teeth ×2
    22. RocketeerRocketeer ×2
    23. Wind
    24. RocketeerRocketeer ×2
    25. Wind
    26. RocketeerRocketeer
    27. LazarusLazarus
    28. RocketeerRocketeer
    29. Wind
    30. RocketeerRocketeer ×2
    31. Wind
    32. RocketeerRocketeer ×2
    33. Construction BotCon bot
    34. LazarusLazarus
    35. Wind
    36. LazarusLazarus
    37. Construction BotCon bot
    38. Wind
    39. RocketeerRocketeer ×2
    40. Con turret
    41. RocketeerRocketeer
    42. Radar TowerRadar Tower
    43. RocketeerRocketeer
  3. 3

    5:00 to 10:00

    Economy
    • Metal Extractor1Mex
    • Wind Turbine15Wind
    Builders
    • Construction Turret2 Con turret
    • Lazarus2 Lazarus
    • Construction Bot1 Con bot
    Army
    • Sentry1 Sentry
    • Rocketeer8 Rocketeer

    Some games also: pawn (49%) · Radar Tower (46%) · tick (45%) · centurion (44%) · energy storage (43%) · eat Bot Lab (31%)

    By 10:00 in all: 6 mex · 21 wind · 1 energy storage · 2 con turret

    The example game in this phase · 92 steps
    1. RocketeerRocketeer
    2. LazarusLazarus
    3. SentrySentry
    4. Dragon's TeethDragon's Teeth
    5. RocketeerRocketeer
    6. BeamerBeamer
    7. RocketeerRocketeer ×2
    8. Dragon's TeethDragon's Teeth ×3
    9. RocketeerRocketeer
    10. Dragon's TeethDragon's Teeth ×2
    11. Energy storage
    12. RocketeerRocketeer
    13. BeamerBeamer
    14. LazarusLazarus
    15. RocketeerRocketeer ×2
    16. Con turret
    17. RocketeerRocketeer
    18. Dragon's TeethDragon's Teeth ×3
    19. RocketeerRocketeer
    20. Dragon's TeethDragon's Teeth ×2
    21. Wind
    22. Dragon's TeethDragon's Teeth
    23. RocketeerRocketeer
    24. Wind
    25. Dragon's TeethDragon's Teeth
    26. Construction BotCon bot
    27. Dragon's TeethDragon's Teeth
    28. Wind
    29. Dragon's TeethDragon's Teeth
    30. RocketeerRocketeer
    31. Wind
    32. BeamerBeamer
    33. Wind
    34. RocketeerRocketeer ×2
    35. Wind ×2
    36. RocketeerRocketeer
    37. SentrySentry
    38. OverwatchOverwatch
    39. RocketeerRocketeer
    40. Wind ×2
    41. LazarusLazarus
    42. Wind ×2
    43. BeamerBeamer
    44. Dragon's TeethDragon's Teeth
    45. LazarusLazarus
    46. Dragon's TeethDragon's Teeth ×3
    47. Wind ×2
    48. CenturionCenturion
    49. Dragon's TeethDragon's Teeth ×3
    50. BeamerBeamer
    51. Wind ×2
    52. CenturionCenturion
    53. Wind ×2
    54. BeamerBeamer
    55. Wind
    56. SentrySentry
    57. CenturionCenturion
    58. Construction BotCon bot
    59. Con turret
    60. SentrySentry
    61. Wind
    62. Construction BotCon bot
    63. Advanced Metal ExtractorT2 mexdone 11:55 · typical 9:46
    64. SentrySentry
    65. Mex
    66. Wind
    67. CenturionCenturion
    68. Dragon's TeethDragon's Teeth
    69. Con turret
    70. Dragon's TeethDragon's Teeth
    71. BeamerBeamer ×2
    72. Advanced Metal ExtractorT2 mex
    73. Con turret
    74. BeamerBeamer
    75. Wind ×2
    76. BeamerBeamer
    77. Wind
    78. Dragon's TeethDragon's Teeth ×5
    79. Con turret
    80. Dragon's TeethDragon's Teeth ×3
    81. BeamerBeamer ×2
    82. Wind ×2
    83. BeamerBeamer
    84. Wind ×3
    85. Construction BotCon bot
    86. Wind
    87. SentrySentry
    88. Wind ×4
    89. Construction BotCon bot
    90. Wind ×2
    91. SentrySentry
    92. Wind ×8

Counts are medians over the build's games: half of them build more, half fewer. The example game is HALF_DALLAH_HABIT's (33 OS, 04/10/2026); pick another.

Team trades

IN AT LEAST 30% OF ITS GAMES

You hand over

Nothing regular.

You get

  • Tidal Generator4 Tidal from Pondfirst at 0:10 · in 68% of games
  • Advanced Construction Bot1 T2 con bot from Geo or Techfirst at 7:41 · in 57% of games

How it plays out

Typical game of this build, running totals by minute

Metal produced

010k20k
0:005:0010:0015:00

metal

Enemy metal destroyed

05k10k
0:005:0010:0015:00

metal

Own metal lost

05k10k
0:005:0010:0015:00

metal

2381 games.

Show as table
ByMetal produced: This buildEnemy metal destroyed: This buildOwn metal lost: This build
1:0023000
2:0088700
3:002009184130
4:003110645502
5:00418513571001
6:00534921831713
7:00653930512597
8:00776039383502
9:00904546934382
10:001041853145176
11:001189258555965
12:001360364066686
13:001541268767439
14:001729875038212
15:001926981098997
WHAT THE NUMBERS SAY

Standard Suicide front play wins a bit over half its games while taking the heaviest own losses of any role by 15:00.

  • + Produces 20142 metal by 15:00, highest of the front roles.
  • + First kill by 2:01 in all games, fastest contest of middle.
  • − Own metal lost hits 9178 by 15:00, more than enemy metal destroyed.
  • − Only 34% Rocketeer share shows army spread thin across many bot types.
THE EXAMPLE YOU ARE READING

HALF_DALLAH_HABIT

32.8 OS · 04/10/2026

Open source match ↗

6 received units · includes a constructor
100 metal received · 12815 energy received

Allied construction assistance is unknown. Timings are observations, not a promise of solo reproducibility.

Typical milestones

Bot Lab0:21Middle 50%: 0:20–0:33 · n=2373
Advanced Metal Extractor9:46Middle 50%: 8:50–10:58 · n=1721

Played most by

_X_262games of this buildPlatinumBlonde188games of this buildXad166games of this buildTrapCaT107games of this buildImmort80games of this build